 Dungeon Crawl Stone Soup version 0.28-a0-476-g0f06bd746f (webtiles) character file.

Game seed: 2487861658719588912

22 siradein the Chopper (level 2, 0/25 HPs)
             Began as a Ghoul Gladiator on Sept 17, 2021.
             Slain by a goblin (4 damage)
             ... on level 2 of the Dungeon.
             The game lasted 00:02:14 (871 turns).

siradein the Chopper (Ghoul Gladiator)               Turns: 871, Time: 00:02:15

Health: 0/25       AC:  4    Str: 17    XL:     2   Next: 91%
Magic:  1/1        EV: 12    Int:  3    God:
Gold:   32         SH:  0    Dex: 10    Spells: 1/1 levels left

rFire   . . .      SeeInvis .   a - +0 war axe
rCold   + . .      Faith    .   (no shield)
rNeg    + + +      Spirit   .   b - +0 leather armour
rPois   ∞          Reflect  .   c - +0 helmet
rElec   .          Harm     .   (no cloak)
rCorr   .          Rampage  .   (no gloves)
Will    .....                   (no boots)
Stlth   ..........              (no amulet)
HPRegen 0.00/turn               (no ring)
MPRegen 0.07/turn               (no ring)

@: confused, inhibited regen
A: claws 1, cold resistance 1, negative energy resistance 3, inhibited
regeneration, torment resistance 2
a: no special abilities


You were on level 2 of the Dungeon.
You visited 1 branch of the dungeon, and saw 2 of its levels.

You collected 32 gold pieces.

Inventory:

Hand Weapons
 a - a +0 war axe (weapon)
Missiles
 d - 3 throwing nets (quivered)
Armour
 b - a +0 leather armour (worn)
 c - a +0 helmet (worn)
Scrolls
 e - a scroll of fog {unknown}
 h - a scroll of identify {unknown}
 i - a scroll of teleportation {unknown}
Potions
 f - a potion of resistance {unknown}
 g - a potion of flight {unknown}


   Skills:
 + Level 2.6 Fighting
 + Level 3.0 Axes
 + Level 2.1 Throwing
 + Level 2.9 Dodging


You had one spell level left.
You didn't know any spells.
Your spell library contained the following spells:

 Spells                   Type           Power      Damage    Failure   Level
 Animate Skeleton         Necr           0%         N/A       58%         1
 Mephitic Cloud           Conj/Pois/Air  0%         N/A       92%         3
 Irradiate                Conj/Tmut      0%         3d13      100%        5
 Conjure Ball Lightning   Conj/Air       0%         3x3d6     100%        6


Dungeon Overview and Level Annotations

Branches:
Dungeon (2/15)

Altars:

Annotations:
D:2 Sigmund


Innate Abilities, Weirdness & Mutations

You thrive by killing the living.
You are immune to poison.
You have sharp fingernails.
Your flesh is cold resistant. (rC+)
You are immune to negative energy. (rN+++)
You do not regenerate when monsters are visible.
You are immune to unholy pain and torment.


Message History

(D) Dungeon
Where to? (? - help)
What level of the Dungeon? (default 1, ? - help)
Things that are here:
a +0 short sword; 3 stones
There is a stone staircase leading down here.
You climb downwards.
There is a stone staircase leading up here.
A rat comes into view.
A rat is nearby!
A rat is nearby!
A rat is nearby!
A rat is nearby!
A rat is nearby! 2 goblins and Sigmund come into view.
The goblin shouts! x2
The rat closely misses you.
You hit the rat.
You kill the rat!
Sigmund points at you and mumbles some strange words.
You are confused.
Sigmund casts a spell at you.
You are more confused.
You are too confused!
You are too confused!
You are too confused!
The goblin hits you with a +0 club.
You bump into the rock wall.
The goblin misses you.
Sigmund hits you from afar with a +0 scythe!
The goblin hits you but does no damage. The goblin hits you with a +0 dagger.
The goblin hits you with a +0 club.
* * * LOW HITPOINT WARNING * * *
You closely miss the goblin. You hit the goblin.
Sigmund mumbles some strange words.
Sigmund flickers and vanishes!
Deactivating autopickup; reactivate with Ctrl-A.
The goblin hits you with a +0 dagger.
* * * LOW HITPOINT WARNING * * *
The goblin hits you with a +0 club.
You die...

.≈≈ .. ≈.
......≈. .....
.#≈+#+###
....≈≈........
..≈≈.#.....#
###≈. ....≈.#
#.....#..≈≈≈+
......#@...#
......†gg.#####+#
......#.........#
.......{#...##+#
........#<...#
........#....#
#.......#....#
#............#
#.......######


You could see 2 goblins.

Vanquished Creatures
  An endoplasm (D:1)
  A giant cockroach (D:1)
  2 goblins (D:1)
  3 hobgoblins (D:1)
  4 jackals (D:1)
  4 kobolds (D:1)
  A bat (D:1)
  A frilled lizard (D:1)
  2 rats
19 creatures vanquished.

Notes
Turn   | Place    | Note
-------+----------+-------------------------------------------
     0 | D:1      | siradein the Ghoul Gladiator began the quest for the Orb.
     0 | D:1      | Reached XP level 1. HP: 17/17 MP: 0/0
    45 | D:1      | Reached XP level 2. HP: 16/25 MP: 1/1
   265 | D:1      | Got the Grimoire of Doomed Attacks
   630 | D:1      | Found a faded altar of an unknown god.
   801 | D:1      | Reached skill level 3 in Axes
   863 | D:2      | Noticed Sigmund
   871 | D:2      | Slain by a goblin

Illustrated notes

Levels and vault maps discovered:
D:1:      wander_arrival_lonely_grave, layout_loops_ring,
          shapermc_ecumenical_altar_notcrosses, minmay_pentomino_r2
D:2:      minmay_chambers_of_twos, layout_basic, serial_rivers,
          chequers_serial_rivers_large_a, chequers_serial_rivers_small_3,
          chequers_serial_rivers_micro_a, chequers_serial_rivers_small_b,
          chequers_serial_rivers_small_b, chequers_serial_rivers_marsh,
          columned_hall_lemuel, uniq_sigmund, uniq_natasha, uniq_terence

Skill      XL: |  1  2 |
---------------+-------+-----
Throwing       | 2 |  2.1
Axes           | 3 |  3.0
Fighting       | |  2.6
Dodging        | |  2.9

Action                   || total
-------------------------++-------
Melee: War axe           ||    54
Armor: Leather armour    ||    19
Dodge: Dodged            ||    58

Table legend: (Time is in decaauts)
 A = Elapsed time spent in this place.
 B = Non-inter-level travel time spent in this place.
 C = Inter-level travel time spent in this place.
 D = Time resting spent in this place.
 E = Time spent auto-exploring this place.
 F = Levels seen in this place.
 G = Mean time per level.
                   A        B        C        D        E       F      G
               +--------+--------+--------+--------+--------+-----+--------+
         Total |    889 |    844 |     45 |      0 |    705 |   2 |  444.5 |
       Dungeon |    889 |    844 |     45 |      0 |    705 |   2 |  444.5 |
               +--------+--------+--------+--------+--------+-----+--------+

Top non-repeatable levels by time:
     D:1: 879 daAuts
     D:2: 10 daAuts
